 Dungeon Crawl Stone Soup version 0.27.1-33-g824d729ab1 (webtiles) character file.

Game seed: 3356590644818462273

445 Adrian566 the Shield-Bearer (level 7, -3/52 HPs)
             Began as a Human Fighter on Dec 9, 2021.
             Killed from afar by an orc (5 damage)
             ... with an iceblast
             ... on level 4 of the Dungeon.
             The game lasted 00:04:25 (3330 turns).

Adrian566 the Shield-Bearer (Human Fighter)         Turns: 3330, Time: 00:04:26

Health: -3/52      AC:  7    Str: 18    XL:     7   Next: 24%
Magic:  7/7        EV:  8    Int:  8    God:
Gold:   105        SH:  9    Dex: 13    Spells: 6/6 levels left

rFire    . . .     SeeInvis .   f - +2 short sword (venom)
rCold    . . .     Faith    .   c - +0 kite shield
rNeg     . . .     Spirit   .   b - +0 scale mail
rPois    .         Reflect  .   (no helmet)
rElec    .         Harm     .   (no cloak)
rCorr    .         Rampage  .   (no gloves)
Will     .....                  (no boots)
Stlth    ..........             (no amulet)
HPRegen  0.17/turn              (no ring)
MPRegen  0.10/turn              (no ring)

@: mighty
A: no striking features
a: no special abilities


You were on level 4 of the Dungeon.
You visited 1 branch of the dungeon, and saw 4 of its levels.

You collected 105 gold pieces.

Inventory:

Hand Weapons
 a - a +0 long sword
 f - a +2 short sword of venom (weapon)
Armour
 b - a +0 scale mail (worn)
 c - a +0 kite shield (worn)
Scrolls
 e - a scroll of fog {unknown}
 g - a scroll of teleportation {unknown}
 h - 3 scrolls of identify {unknown}
 i - a scroll of torment {unknown}
 j - a scroll of vulnerability {unknown}
Potions
 k - a potion of lignification {unknown}
 l - 2 potions of heal wounds {unknown}
 m - a potion of degeneration {unknown}
 n - a potion of brilliance {unknown}


   Skills:
 + Level 3.6 Fighting
 + Level 3.6(3.9) Short Blades
 + Level 2.1(3.1) Long Blades
 + Level 4.4 Armour
 + Level 1.4 Dodging
 + Level 0.5 Stealth
 + Level 4.8 Shields


You had 6 spell levels left.
You didn't know any spells.
Your spell library was empty.

Dungeon Overview and Level Annotations

Branches:
Dungeon (4/15)
 Temple: D:4-7

Altars:


Message History

No target in view!
No target in view!
No target in view!
No target in view!
No target in view!
No target in view!
No target in view!
No target in view!
No target in view!
No target in view!
No target in view!
No target in view!
No target in view!
An ogre comes into view. It is wielding a +0 giant club.
An ogre is nearby!
An ogre is nearby!
An ogre is nearby!
An ogre is nearby!
Found 20 arrows.
The ogre shouts!
You hear a shout! x2
There is an open door here.
You puncture the ogre!
The ogre is moderately wounded.
The ogre hits you with a +0 giant club!!
You feel very mighty all of a sudden. You block the ogre's attack.
An adder comes into view.
You puncture the ogre!
The ogre looks as sick as possible!
The ogre is severely wounded.
Found a stone staircase leading up.
An orc comes into view.
It is wielding a +0 falchion and carrying a wand of iceblast (11).
The ogre hits you with a +0 giant club!!
Ouch! That really hurt!
* * * LOW HITPOINT WARNING * * *
Okay, then.
You kill the ogre!
The adder bites you but does no damage.
You have reached level 7!
The orc zaps a wand.
The mass of ice explodes!
The iceblast engulfs you.
You die...

#...........##...##
#####+###.....#...##
#....[..#...........
#..........###......
#.........##(##.....
#......)..'.?.#.....
#....S.)#o##?##.....
#..........# #####..
#<.@...##### ##.
#.....## #. #.....#
#. #.....# ## ##.
#.....# #.####..
#.....# ##.......
#...... #...<....
#....... .........
#......


You could see an adder and an orc.

Vanquished Creatures
  An ogre (D:4)
  A black bear (D:4)
  A howler monkey (D:4)
  A bullfrog skeleton (D:4)
  An iguana (D:3)
  7 adders
  4 gnolls (D:2)
  An adder skeleton (D:4)
  A worm (D:2)
  4 dart slugs
  4 ball pythons
  10 endoplasms
  3 giant cockroaches
  5 hobgoblins
  5 quokkas
  6 bats
  5 goblins
  A jackal skeleton (D:4)
  2 kobolds
  5 rats
68 creatures vanquished.

Notes
Turn   | Place    | Note
-------+----------+-------------------------------------------
     0 | D:1      | Adrian566 the Human Fighter began the quest for the Orb.
     0 | D:1      | Reached XP level 1. HP: 18/18 MP: 1/1
   426 | D:1      | Reached XP level 2. HP: 24/24 MP: 2/2
   968 | D:2      | Reached XP level 3. HP: 25/29 MP: 3/3
  1589 | D:2      | Reached XP level 4. HP: 30/35 MP: 4/4
  1914 | D:2      | Reached skill level 1 in Short Blades
  2248 | D:2      | Reached XP level 5. HP: 41/41 MP: 5/5
  2800 | D:3      | Found a faded altar of an unknown god.
  2955 | D:4      | Noticed a black bear
  2976 | D:4      | Killed a black bear
  2977 | D:4      | Reached XP level 6. HP: 27/47 MP: 6/6
  3273 | D:4      | Reached skill level 1 in Dodging
  3319 | D:4      | Noticed an ogre
  3327 | D:4      | HP: 1/47 [ogre (24)]
  3329 | D:4      | Killed an ogre
  3330 | D:4      | Reached XP level 7. HP: 2/52 MP: 7/7
  3330 | D:4      | Killed from afar by an orc

Illustrated notes

Levels and vault maps discovered:
D:1:      scummos_arrival_star, layout_loops_corners,
          chequers_serial_rivers_micro_c
D:2:      layout_basic, st_stairs_9
D:3:      layout_rooms, shapermc_ecumenical_altar_totnotflames
D:4:      layout_gridville, grunt_decor_resistance, minmay_joined_circles,
          uniq_grinder

Skill      XL: |  1  2  3  4  5  6 |
---------------+-------------------+-----
Short Blades   | 1 2 3 |  3.6
Shields        | 4 |  4.8
Armour         | 4 |  4.4
Dodging        | 1 |  1.4
Fighting       | |  3.6
Long Blades    | |  2.1
Stealth        | |  0.5

Action                   |  1- 3 |  4- 6 |  7- 9 || total
-------------------------+-------+-------+-------++-------
Melee: Short sword       |    91 |   112 |       ||   203
       Long sword        |     4 |       |       ||     4
  Use: Potion            |       |     1 |       ||     1
Armor: Scale mail        |    41 |    32 |       ||    73
Dodge: Dodged            |    21 |    37 |       ||    58
Block: Kite shield       |    49 |    64 |       ||   113
